 Dungeon Crawl Stone Soup version 0.31-a0-986-g5e6e4ef867 (webtiles) character file.

Game seed: 10013417908927214839

44 lunkers the Cudgeller (level 4, 0/38 HPs)
             Began as a Meteoran Fighter on Nov 10, 2023.
             Slain by Sigmund
             ... wielding a +0 scythe
              (6 damage)
             ... on level 2 of the Dungeon.
             The game lasted 00:01:10 (750 turns).

lunkers the Cudgeller (Meteoran Fighter)             Turns: 750, Time: 00:01:10

Health: 0/38       AC:  6    Str: 18    XL:     4   Next: 10%
Magic:  5/5        EV:  9    Int:  9    God:
Gold:   53         SH:  5    Dex: 15    Spells: 3/3 levels left

rFire   . . .        a - +0 flail
rCold   . . .        c - +0 buckler
rNeg    . . .        b - +0 scale mail
rPois   .            (no helmet)
rElec   .            (no cloak)
rCorr   +            (no gloves)
SInv    .            (no boots)
Will    .....        (no amulet) Stlth
                     i - ring of resist corrosion
HPRegen 0.26/turn    (no ring)
MPRegen 0.09/turn

%: no passive effects
@: mighty, glowing
A: sense surroundings 1, otherworldly, glowing, explore regen
a: no special abilities


You were on level 2 of the Dungeon.
You visited 1 branch of the dungeon, and saw 2 of its levels.

You collected 53 gold pieces.

Inventory:

Hand Weapons
 a - a +0 flail (weapon)
Armour
 b - a +0 scale mail (worn)
 c - a +0 buckler (worn)
Jewellery
 i - a ring of resist corrosion (left hand)
 o - a ring of wizardry
Scrolls
 f - a scroll of enchant weapon {unknown}
 j - a scroll of torment {unknown}
 l - a scroll of teleportation {unknown}
Potions
 e - a potion of berserk rage {unknown}
 g - a potion of haste {unknown}
 h - a potion of heal wounds {unknown}
 k - a potion of mutation {unknown}
 m - a potion of curing {unknown}
 n - a potion of enlightenment {unknown}


   Skills:
 - Level 3.2 Fighting
 * Level 5.2 Maces & Flails
 - Level 3.2 Armour
 - Level 3.2 Shields


You had 3 spell levels left.
You didn't know any spells.
Your spell library contained the following spells:

 Spells                   Type           Power      Damage    Failure   Level
 Sting                    Tmut/Pois      0%         1d3       85%         1
 Poisonous Vapours        Pois/Air       0%         N/A       94%         2
 Olgreb's Toxic Radiance  Pois           0%         N/A       100%        4


Dungeon Overview and Level Annotations

Branches:
Dungeon (2/15) Zot: 417

Altars:

Annotations:
D:2 Sigmund


Innate Abilities, Weirdness & Mutations

You passively map a small area around you.
You are easily found by Zot.
You glow in the dark.
You regain HP and MP as you explore.


Message History

There is an open door here.
n - a puce potion
o - a ring of wizardry No target in view!
No target in view!
No target in view!
No target in view!
No target in view!
No target in view!
An adder comes into view.
Found a stone staircase leading up.
The adder hisses angrily.
The adder bites you.
You barely miss the adder. The adder barely misses you.
You block the adder's attack.
You thump the adder!
You kill the adder!
Your Maces & Flails skill increases to level 5!
You have reached level 4!
Sigmund the Dreaded comes into view.
He is wielding a +0 scythe and wearing a +1 robe of resistance.
Sigmund shouts!
Sigmund casts a spell.
Sigmund flickers and vanishes!
Deactivating autopickup; reactivate with Ctrl-A.
Something tries to affect you, but you resist.
Found a scroll labelled AJITWEOGEU.
Something hits you!
You barely miss something. Something hits you but does no damage.
You sock something! You block something's attack.
Okay, then.
You closely miss something. You block something's attack.
You miss something. Something hits you.
You closely miss something. You thump something! Something hits you!
* * * LOW HITPOINT WARNING * * *
You closely miss something. Something hits you!
* * * LOW HITPOINT WARNING * * *
You miss something. Something hits you but does no damage.
You feel very mighty all of a sudden.
You hit something. Something hits you.
You die...

* , , , * *, , , *
*, ######### ,
#.......# *
#.......# * ,
*........# *,
?.....{@# #.#
#+####..# #.# , ,
##.#####.#### , ,,
, *#.##.......#
#.##.#...#.# , , *
,#.##.#...#.# *
+.##.#...#.#
,#.##.##.##.# ,
,#..#..[.>..######


There were no monsters in sight!

Vanquished Creatures
  An adder (D:2)
  A worm (D:2)
  3 dart slugs
  A bat (D:1)
  2 endoplasms (D:1)
  5 goblins (D:1)
  3 hobgoblins (D:1)
  3 kobolds
  2 quokkas (D:1)
  2 frilled lizards (D:1)
  A rat (D:1)
24 creatures vanquished.

Notes
Turn   | Place    | Note
-------+----------+-------------------------------------------
     0 | D:1      | lunkers the Meteoran Fighter began the quest for the Orb.
     0 | D:1      | Reached XP level 1. HP: 19/19 MP: 2/2
    27 | D:1      | Reached skill level 3 in Maces & Flails
   150 | D:1      | Reached XP level 2. HP: 24/26 MP: 3/3
   313 | D:1      | Reached skill level 4 in Maces & Flails
   357 | D:1      | Reached XP level 3. HP: 14/31 MP: 4/4
   472 | D:1      | Glimpsed the power of Zot.
   718 | D:2      | Reached skill level 5 in Maces & Flails
   718 | D:2      | Reached XP level 4. HP: 38/38 MP: 5/5
   735 | D:2      | Noticed Sigmund
   750 | D:2      | Slain by Sigmund

Illustrated notes

Levels and vault maps discovered:
D:1:      lightli_arrival_lavapool, layout_basic,
          shapermc_ecumenical_altar_mp_ritualfount, chequers_big_river,
          minmay_nonomino_d4
D:2:      layout_loops_cross, dk_noncrumbling_3, minmay_quadrilaterals,
          uniq_natasha, uniq_crazy_yiuf_cottage, uniq_sigmund

Skill      XL: |  1  2  3 |
---------------+----------+-----
Maces & Flails | 3 4 5 |  5.2
Fighting       | |  3.2
Armour         | |  3.2
Shields        | |  3.2

Action                     |  1- 3 |  4- 6 || total
---------------------------+-------+-------++-------
  Melee: Flail             |   102 |     9 ||   111
    Use: Potion            |       |     1 ||     1
 Armour: Scale mail        |    74 |     7 ||    81
  Dodge: Dodged            |    48 |       ||    48
  Block: Buckler           |    34 |     2 ||    36

Table legend: (Time is in decaauts)
 A = Elapsed time spent in this place.
 B = Non-inter-level travel time spent in this place.
 C = Inter-level travel time spent in this place.
 D = Time resting spent in this place.
 E = Time spent auto-exploring this place.
 F = Levels seen in this place.
 G = Mean time per level.
                   A        B        C        D        E       F      G
               +--------+--------+--------+--------+--------+-----+--------+
         Total |    781 |    781 |      0 |      0 |    535 |   2 |  390.5 |
       Dungeon |    781 |    781 |      0 |      0 |    535 |   2 |  390.5 |
               +--------+--------+--------+--------+--------+-----+--------+

Top non-repeatable levels by time:
     D:1: 505 daAuts
     D:2: 275 daAuts
